 Dungeon Crawl Stone Soup version 0.25.1-2-g60ff931df9 (webtiles) character file.

Game seed: 14489221854984004615

10615 BroShek the Placeless Centaur (level 11, -4/93 HPs)
             Began as a Centaur Warper on Nov 8, 2020.
             Was a High Priest of Okawaru.
             Killed from afar by a deep elf mage (16 damage)
             ... with a bolt of lightning
             ... on level 11 of the Dungeon.
             The game lasted 01:48:41 (26338 turns).

BroShek the Placeless Centaur (Centaur Warper)     Turns: 26338, Time: 01:48:42

Health: -4/93      AC: 14    Str: 13    XL:     11   Next: 38%
Magic:  10/14      EV:  9    Int: 15    God:    Okawaru [*****.]
Gold:   370        SH:  5    Dex: 13    Spells: 2/15 levels left

rFire    . . .     SeeInvis .   a - +0 falchion
rCold    + . .     Gourm    .   (no shield)
rNeg     . . .     Faith    .   M - +1 ring mail {rC+}
rPois    .         Spirit   .   K - +1 helmet
rElec    .         Reflect  +   c - +0 cloak (curse)
rCorr    .         Harm     .   m - +2 pair of gloves {Dex+3}
MR       .....                  (no barding)
Stlth    ..........             L - amulet of reflection
HPRegen  0.25/turn              (no ring)
MPRegen  0.14/turn              (no ring)

@: shrouded, very quick
A: large, hooves 3, deformed body, speed 2, tough skin 3
a: Heroism, Finesse, Renounce Religion


You were on level 11 of the Dungeon.
You worshipped Okawaru.
Okawaru was extremely pleased with you.
You were near starving.

You visited 1 branch of the dungeon, and saw 12 of its levels.
You also visited: Ossuary.

You collected 959 gold pieces.
You spent 589 gold pieces at shops.

Inventory:

Hand Weapons
 a - a +0 falchion (weapon)
Missiles
 e - 5 boomerangs of dispersal
 i - 223 stones (quivered)
 y - 9 boomerangs
 F - 2 throwing nets
Armour
 c - a cursed +0 cloak (worn)
 m - a +2 pair of gloves of dexterity (worn)
 K - a +1 helmet (worn)
 M - a +1 ring mail of cold resistance (worn)
Jewellery
 w - an uncursed amulet of faith
 A - an uncursed amulet of the acrobat
 L - an amulet of reflection (around neck)
Wands
 o - a wand of clouds (4)
 t - a wand of digging (1)
 v - a wand of flame (14)
 I - a wand of polymorph (11)
 J - a wand of iceblast (5)
 O - a wand of enslavement (6)
Scrolls
 d - a scroll of blinking
 g - 2 scrolls of enchant weapon
 h - 6 scrolls of remove curse
 j - 12 scrolls of identify
 k - 4 scrolls of amnesia
 l - 4 scrolls of immolation
 p - 4 scrolls of teleportation
 s - a scroll of fear
 D - 2 scrolls of fog {unknown}
 G - a scroll of brand weapon
 H - a scroll of vulnerability
 Q - a scroll of acquirement {unknown}
Potions
 b - a potion of curing
 n - a potion of heal wounds
 q - a potion of berserk rage {unknown}
 r - 2 potions of magic
 u - a potion of brilliance {unknown}
 x - a potion of stabbing {unknown}
 z - 2 potions of might
 B - a potion of resistance
 C - 2 potions of lignification {unknown}
 E - 2 potions of mutation {unknown}
 P - a potion of ambrosia {unknown}
Miscellaneous
 N - a tin of tremorstones (3/3)
Comestibles
 f - 4 rations


   Skills:
 + Level 7.7 Fighting
 + Level 7.1 Long Blades
 + Level 8.3 Throwing
 + Level 5.7 Armour
 - Level 1.5 Dodging
 - Level 2.5 Spellcasting
 - Level 9.0 Translocations
 + Level 3.3 Invocations


You had 2 spell levels left.
You knew the following spells:

 Your Spells              Type           Power        Failure   Level  Hunger
a - Blink                 Tloc           N/A          1%          2    ###....
b - Shroud of Golubria    Chrm/Tloc      ###...       10%         2    ###....
c - Gell's Gravitas       Tloc           ####......   3%          3    ###....
d - Lesser Beckoning      Tloc           ####......   3%          3    ###....
e - Teleport Other        Tloc           ####....     3%          3    ###....

Your spell library contained the following spells:

 Spells                   Type           Power        Failure   Level  Hunger
 Foxfire                  Conj/Fire      #...         38%         1    #......
 Passage of Golubria      Tloc           N/A          11%         4    #####..
 Conjure Flame            Conj/Fire      #.......     77%         3    ###....
 Inner Flame              Hex/Fire       #.......     77%         3    ###....
 Sticky Flame             Conj/Fire      #.......     99%         4    #####..
 Fireball                 Conj/Fire      #.........   100%        5    ######.


Dungeon Overview and Level Annotations

Branches:
Dungeon (12/15)            Temple (0/1) D:6            Lair (0/6) D:11
Ossuary (visited)
    Orc: D:9-12

Altars:
Cheibriados
Dithmenos
Fedhas
Gozag
Hepliaklqana
Makhleb
Okawaru
Qazlal
Ru
Trog
Wu Jian
Xom
The Shining One

Shops:
D:4 *   D:7 ?   D:11 }

Annotations:
D:4 Blork the orc
D:8 Gastronok
D:11 1 runed translucent door, Denapoli's ghost, journeyman TrFi


Innate Abilities, Weirdness & Mutations

You have hooves in place of feet.
Armour fits poorly on your strangely shaped body.
You cover ground very quickly.
You have extremely tough skin. (AC +3)


Message History

Aim: a deep elf mage, wielding a +0 short sword and wearing a cursed +0 leather armour (heavily wounded)
Okay, then.
Fire/throw which item? (* to show all) (? for menu, Esc to quit)
Throwing (i - inventory. (/) - cycle)
i - 223 stones (quivered)
Press: ? - help, Shift-Dir - straight line, f - deep elf mage
Aim: a deep elf mage, wielding a +0 short sword and wearing a cursed +0 leather armour (heavily wounded)
You throw a boomerang. The boomerang hits the deep elf mage.
The deep elf mage is heavily wounded.
The deep elf mage casts a spell at you. The bolt of lightning hits you!
* * * LOW HITPOINT WARNING * * *
Casting: Shroud of Golubria (safe; 10% risk of failure)
Confirm with . or Enter, or press ? or * to list all spells.
Aiming: Teleport Other (mildly dangerous; 3% risk of failure)
Press: ? - help, Shift-Dir - straight line, f/p - deep elf mage
Aim: a deep elf mage, wielding a +0 short sword and wearing a cursed +0 leather armour (heavily wounded, chance to defeat MR: 50%)
The deep elf mage resists with significant effort.
The deep elf mage gestures at you while chanting.
The bolt of lightning hits you!
You die...

.# #......≈#≈###≈#≈.# .##
##......≈#≈≈≈≈≈#≈.# ..##
#.....##≈≈≈≈≈≈≈≈≈.# ...##
#......##..#####..#
....###..#........###..##
..#......##..##.####...## #####
........##...#...##.....###...#
....######...>....#....###....#
..P...##.##.....@##>e##..#....#
P......#.##.......##.....##..##
P............(.....e........##
.PPPP........#...............###
.PPPP.......##.................#
PPPPPPP#....#..................##
PPPPPP##.................##..#..#
########...##.........##..#.....#
#.........###...............###..


You could see a deep elf mage.

Vanquished Creatures
  Harold (D:11)
  Pikel (D:4)
  2 cyclopes (D:11)
  A komodo dragon (D:11)
  2 trolls
  Grinder (D:6)
  A hippogriff (D:10)
  Sigmund (D:4)
  3 yaks (D:11)
  2 wyverns
  2 hungry ghosts (D:10)
  4 humans
  A black bear (D:6)
  2 orc warriors
  2 sky beasts
  4 phantoms
  An eye of draining (D:8)
  3 ogres
  A necrophage (D:9)
  5 centaurs
  A crocodile (D:10)
  6 bullfrogs
  2 big kobolds
  2 elf zombies (Ossuary)
  A water moccasin zombie (D:5)
  A scorpion (D:6)
  15 killer bees
  7 wights
  2 electric eels (D:11)
  5 crimson imps
  2 bullfrog zombies
  A centaur zombie (Ossuary)
  5 orc priests
  7 hounds
  A jelly (D:5)
  11 orc wizards
  4 centaur skeletons
  Crazy Yiuf (D:6)
  4 iguanas
  9 worker ants
  A killer bee zombie (D:5)
  2 big kobold zombies (Ossuary)
  3 hound zombies
  A hound skeleton (D:6)
  2 mummies (Ossuary)
  A howler monkey zombie (D:7)
  2 worker ant zombies
  6 gnolls
  12 adders
  2 howler monkey skeletons
  4 shadow imps
  2 oozes
  3 worms
  5 dart slugs
  5 leopard geckos
  32 orcs
  13 bats
  8 giant cockroaches
  2 gnoll zombies (Ossuary)
  7 goblins
  3 hobgoblins
  19 jackals
  6 quokkas
  6 ball pythons
  2 goblin zombies (Ossuary)
  A hobgoblin zombie (Ossuary)
  14 kobolds
  A leopard gecko skeleton (D:9)
  4 orc zombies (Ossuary)
  2 quokka skeletons
  10 rats
308 creatures vanquished.

Vanquished Creatures (others)
  Eustachio (D:4)
  3 slaves (D:4)
  Ijyb (D:3)
  A jackal (D:8)
  A frilled lizard (D:4)
  A fungus (D:8)
  4 plants (D:11)
12 creatures vanquished.

Grand Total: 320 creatures vanquished

Notes
Turn   | Place    | Note
-------+----------+-------------------------------------------
     0 | D:1      | BroShek the Centaur Warper began the quest for the Orb.
     0 | D:1      | Reached XP level 1. HP: 17/17 MP: 3/3
   152 | D:1      | Reached XP level 2. HP: 24/24 MP: 4/4
   160 | D:1      | Learned a level 2 spell: Blink
   163 | D:1      | Learned a level 2 spell: Shroud of Golubria
   524 | D:1      | Reached skill level 1 in Armour
   557 | D:1      | Reached XP level 3. HP: 25/29 MP: 5/5
  1079 | D:2      | Reached skill level 3 in Translocations
  1223 | D:2      | Found an iron altar of Okawaru.
  1230 | D:2      | Became a worshipper of Warmaster Okawaru
  1587 | D:2      | Reached XP level 4. HP: 32/37 MP: 6/6
  2104 | D:2      | Learned a level 3 spell: Gell's Gravitas
  2337 | D:3      | Found a burning altar of Makhleb.
  2337 | D:3      | Found a hazy altar of Hepliaklqana.
  2337 | D:3      | Found a blossoming altar of Fedhas.
  3074 | D:3      | Reached XP level 5. HP: 42/42 MP: 8/8
  3294 | D:3      | Found a glowing golden altar of the Shining One.
  4198 | D:3      | Noticed Ijyb
  4218 | D:3      | Killed Ijyb
  4370 | D:4      | Noticed a water moccasin
  4678 | D:4      | Noticed an ogre
  4775 | D:3      | Killed an ogre
  4775 | D:3      | Reached XP level 6. HP: 16/51 MP: 9/9
  5353 | D:4      | Noticed Eustachio
  5390 | D:4      | Reached skill level 4 in Translocations
  6002 | D:4      | Found a stormy altar of Qazlal.
  6144 | D:4      | Noticed Sigmund
  6170 | D:4      | Killed Sigmund
  6170 | D:4      | Reached * piety under Okawaru
  6170 | D:4      | Reached XP level 7. HP: 20/57 MP: 3/10
  6176 | D:4      | HP: 1/57 [worm (5)]
  6517 | D:4      | Noticed Pikel
  6566 | D:4      | Killed Pikel
  6566 | D:4      | Reached ** piety under Okawaru
  6566 | D:4      | Reached skill level 5 in Translocations
  6566 | D:4      | Reached XP level 8. HP: 14/66 MP: 6/11
  6603 | D:4      | Killed Eustachio
  7032 | D:4      | Learned a level 3 spell: Lesser Beckoning
  7074 | D:4      | Found Ofucaet's General Store.
  7094 | D:4      | Bought a scroll of enchant armour for 75 gold pieces
  7094 | D:4      | Bought a potion of might for 40 gold pieces
  7094 | D:4      | Bought a scroll of identify for 20 gold pieces
  7503 | D:5      | Entered Level 5 of the Dungeon
  7503 | D:5      | Noticed Blork the orc
  7533 | D:4      | Reached *** piety under Okawaru
  7672 | D:4      | HP: 3/67 [something/puff of frost (1)]
  8054 | D:5      | Reached skill level 6 in Translocations
  8647 | D:5      | Found a shadowy altar of Dithmenos.
  8653 | D:5      | HP: 1/67 [orc wizard/magic dart (4)]
  9498 | D:5      | Reached skill level 5 in Throwing
  9879 | D:6      | Found a sand-covered staircase.
  9911 | Ossuary  | Entered an ossuary
  9932 | Ossuary  | Reached XP level 9. HP: 58/73 MP: 8/12
  9943 | Ossuary  | Reached skill level 5 in Fighting
 10564 | D:6      | Found a sacrificial altar of Ru.
 10659 | D:6      | Found a staircase to the Ecumenical Temple.
 10694 | D:6      | Reached **** piety under Okawaru
 10725 | D:6      | Reached skill level 7 in Translocations
 10815 | D:4      | Bought 24 stones for 24 gold pieces
 10815 | D:4      | Bought a potion of resistance for 100 gold pieces
 10971 | D:6      | Found a runed translucent door.
 10972 | D:6      | Noticed Crazy Yiuf
 10982 | D:6      | Killed Crazy Yiuf
 11291 | D:6      | Noticed Grinder
 11297 | D:6      | Paralysed by Grinder for 4 turns
 11322 | D:6      | Killed Grinder
 11322 | D:6      | Reached skill level 5 in Long Blades
 11492 | D:6      | Found an ornate altar of the Wu Jian Council.
 11518 | D:6      | Found a shadowy altar of Dithmenos.
 13001 | D:7      | Found a snail-covered altar of Cheibriados.
 13066 | D:7      | HP: 1/75 [something (3)]
 13464 | D:7      | Found Maza's Magic Scroll Shoppe.
 13477 | D:7      | Bought a scroll of brand weapon for 240 gold pieces
 13491 | D:7      | Bought a scroll of vulnerability for 90 gold pieces
 14065 | D:7      | Reached skill level 8 in Translocations
 14292 | D:7      | Reached XP level 10. HP: 82/83 MP: 13/13
 15030 | D:8      | Noticed Gastronok
 15038 | D:8      | HP: 2/83 [Gastronok/the air (34)]
 15375 | D:8      | Found an opulent altar of Gozag.
 15753 | D:8      | Learned a level 3 spell: Teleport Other
 15798 | D:8      | Paralysed by a hornet for 1 turns
 17287 | D:8      | Found a blossoming altar of Fedhas.
 17696 | D:9      | Found a bloodstained altar of Trog.
 17914 | D:9      | Noticed a gargoyle
 19054 | D:10     | Entered Level 10 of the Dungeon
 21051 | D:10     | Reached skill level 9 in Translocations
 21063 | D:10     | Reached skill level 5 in Armour
 22167 | D:10     | Reached ***** piety under Okawaru
 22167 | D:10     | Reached skill level 1 in Invocations
 22860 | D:10     | Reached XP level 11. HP: 67/92 MP: 11/14
 23074 | D:11     | Found a runed translucent door.
 23075 | D:11     | Found a shimmering altar of Xom.
 23075 | D:11     | Noticed Denapoli's ghost (journeyman TrFi)
 23075 | D:11     | Noticed a +1 scimitar of chaos
 23315 | D:11     | Received a gift from Okawaru
 24885 | D:11     | Found a staircase to the Lair.
 24919 | D:11     | Found Ziaboji's Gadget Shoppe.
 24968 | D:11     | Noticed Harold
 25012 | D:11     | HP: 4/92 [Harold/+0 halberd (21)]
 25034 | D:11     | Killed Harold
 26324 | D:12     | Noticed a deep elf mage
 26338 | D:11     | Killed from afar by a deep elf mage

Illustrated notes

Levels and vault maps discovered:
D:1:      psy_arrival_conway, layout_basic, lemuel_another_geyser
D:2:      layout_basic, old_standard_altar
D:3:      layout_loops_ring, tso_metal_star, gammafunk_temple_overflow_claw,
          first_ration, minmay_misc_feat_plants, grunt_ministairs_10, uniq_ijyb
D:4:      layout_loops_ring, serial_shops, kennysheep_little_box,
          minmay_misc_feat_five, minmay_misc_feat_iff,
          nicolae_qazlal_eye_of_the_storm, uniq_eustachio, uniq_sigmund,
          uniq_pikel
D:5:      layout_cave_pools, overflow_temple_1_default, serial_undead,
          serial_undead_f, serial_undead_c, serial_undead_c, serial_undead_c,
          uniq_blork_the_orc
D:6:      layout_gridville, nicolae_ru_great_annihilating_truth,
          kennysheep_mini_moat, minmay_temple_entry_antechambers,
          enter_ossuary_1, grunt_dithmenos_shadows, uniq_crazy_yiuf_cottage,
          uniq_grinder
D:7:      layout_layer_cave, kennysheep_mini, serial_shops, shop,
          grunt_ogre_cave, minmay_ruffians
D:8:      layout_basic, nicolae_gozag_seed_capital, fedhas_altar_3,
          uniq_gastronok
D:9:      layout_loops_cross, bloody_trog
D:10:     layout_rooms
D:11:     layout_cave_pools, david_lair_shrubbed, ebering_ghost_xom,
          serial_shops, shop, minmay_crystal_water, uniq_harold
D:12:     layout_roguey, erik_orc_2, kennysheep_path_1, eino_house_with_fridge

Skill      XL: |  1  2  3  4  5  6  7  8  9 10 11 |
---------------+----------------------------------+-----
Long Blades    | 2 3 4 5 6 7 |  7.1
Armour         | 1 2 3 4 5 |  5.7
Translocations | 3 4 5 6 8 9 |  9.0
Spellcasting   | 2 |  2.5
Throwing       | 2 3 4 5 6 7 8 |  8.3
Fighting       | 3 4 6 7 |  7.7
Invocations    | 1 3 |  3.3
Dodging        | |  1.5

Action                   |  1- 3 |  4- 6 |  7- 9 | 10-12 || total
-------------------------+-------+-------+-------+-------++-------
Melee: Falchion          |   100 |   234 |   614 |   786 ||  1734
       Kick              |    21 |    65 |   198 |   246 ||   530
Throw: Stone             |     7 |   109 |   140 |   209 ||   465
       Throwing net      |       |     1 |       |     1 ||     2
       Boomerang         |       |       |    59 |    65 ||   124
 Cast: Blink             |     1 |     5 |    12 |    15 ||    33
       Shroud of Golubri |     1 |    20 |    62 |    74 ||   157
       Gell's Gravitas   |       |     2 |       |    26 ||    28
       Teleport Other    |       |       |       |    10 ||    10
Invok: Heroism           |       |       |     1 |     1 ||     2
Evoke: Wand              |       |       |       |     1 ||     1
  Use: Scroll            |     1 |     2 |     7 |     1 ||    11
       Potion            |       |     2 |     3 |     4 ||     9
 Stab: Held in net/web   |       |     2 |       |       ||     2
  Eat: Chunk             |     2 |    12 |    12 |    18 ||    44
       Ration            |       |     1 |     5 |     8 ||    14
Armor: Leather armour    |    48 |   106 |   310 |   355 ||   819
       Ring mail         |       |       |       |    54 ||    54
Dodge: Dodged            |    55 |   107 |   296 |   415 ||   873
Block: Other             |       |       |       |   110 ||   110
       Reflection        |       |       |       |     1 ||     1
       Rpst.: Falchion   |    20 |    36 |    93 |   104 ||   253
